 Dungeon Crawl Stone Soup version 0.11.3 (webtiles) character file.

205 Banto the Changer (level 4, -4/28 HPs)
             Began as a Sludge Elf Stalker on Aug 4, 2020.
             Slain by an orc
             ... wielding a +0,+1 orcish falchion
              (7 damage)
             ... on Level 3 of the Dungeon.
             The game lasted 00:04:27 (2560 turns).

Banto the Changer (Sludge Elf Stalker)              Turns: 2560, Time: 00:04:27

HP  -4/28        AC  3     Str 10      XL: 4   Next: 67%
MP   6/6         EV 13     Int 15      God:
Gold 108         SH  0     Dex 15      Spells:  2 memorised,  2 levels left

Res.Fire  : . . .   See Invis. : .   a - +2,+3 elf dagger {=f}
Res.Cold  : . . .   Warding    : .   b - +0 elf robe
Life Prot.: . . .   Conserve   : .   (no shield)
Res.Poison: .       Res.Corr.  : .   (no helmet)
Res.Elec. : .       Clarity    : .   l - +0 elf cloak
Sust.Abil.: . .     Spirit.Shd : .   (no gloves)
Res.Mut.  : .       Stasis     : .   (no boots)
Res.Rott. : .       Ctrl.Telep.: .   (no amulet)
Saprovore : . . .   Levitation : .   (no ring) Ctrl.Flight: .
                                     k - ring of levitation

@: slightly resistant to hostile enchantments, stealthy
A: no striking features
a: Evoke Levitation


You were on level 3 of the Dungeon.
You were not hungry.

You visited 1 branch of the dungeon, and saw 3 of its levels.

You collected 88 gold pieces.

Inventory:

Hand weapons
 a - a +2,+3 elven dagger (weapon) {=f}
 q - a +0,+5 long sword
Missiles
 p - a throwing net (quivered)
Armour
 b - a +0 elven robe (worn)
 l - a +0 elven cloak (worn)
Magical devices
 r - a wand of flame (11)
Comestibles
 c - a chunk of giant newt flesh
 f - 5 bread rations
 g - a snozzcumber
 t - 17 sultanas
Scrolls
 i - a scroll of identify
 n - a scroll of enchant weapon II
Jewellery
 k - a ring of levitation (left hand)
 s - an uncursed ring of fire
Potions
 e - 9 potions of confusion
 h - a potion of degeneration
 j - 2 potions of poison
 m - a potion of agility
Books
 d - a book of Stalking

   Spells                             Type                      Level
   *Fulsome Distillation              Transmutation/Necromancy     1
   *Evaporate                         Fire/Transmutation           2
   Passwall                           Transmutation/Earth          3
   Petrify                            Transmutation/Earth          4
   Dig                                Transmutation/Earth          4


   Skills:
 - Level 1.1 Fighting
 - Level 0.8 Short Blades
 - Level 2.4 Dodging
 - Level 2.2 Stealth
 + Level 3.5 Stabbing
 - Level 1.2 Spellcasting
 + Level 4.9 Transmutations


You had 2 spell levels left.
You knew the following spells:

 Your Spells              Type           Power        Failure   Level  Hunger
a - Fulsome Distillation  Trmt/Necr      N/A          12%         1    ##.....
b - Evaporate             Fire/Trmt      ##.....      14%         2    ###....


Dungeon Overview and Level Annotations

Branches:
Dungeon (3/27)

Altars:
Cheibriados
Elyvilon


Message History

You hear a distant blaring wail to the northeast.
There is an open door here.
Things that are here:
an orcish club; an orc corpse The orc shouts!
The orc misses you.
Found a stone staircase leading up.
You barely miss the orc.
The orc hits you with an orcish falchion.
You hit the orc but do no damage. You barely miss the orc.
The orc hits you with an orcish falchion!
* * * LOW HITPOINT WARNING * * *
You hit the orc but do no damage.
The orc hits you with an orcish falchion.
* * * LOW HITPOINT WARNING * * *
You are too injured to fight recklessly!
You hit the orc but do no damage.
The orc hits you with an orcish falchion!
You die...

## # #. .# #.####.#
#.....<# #.....###
#.o.....# .
..+%@####.##
..(.##.##....#
#.....#.##....#
#........)'....+
##.##.#.##....# #####
#..!.#.#.....#####.#...
###>...###.(..........
#.#....#.#####).#..#
#.#.##.#.#......#..#


You could see an orc.

Vanquished Creatures
  Ijyb (D:2)
  An adder (D:2)
  2 giant mites (D:2)
  2 oozes (D:2)
  2 orcs (D:3)
  3 giant cockroaches (D:1)
  12 hobgoblins
  9 kobolds
  3 quokkas
  5 bats
  A giant gecko (D:3)
  5 giant newts
  3 goblins
  8 rats
57 creatures vanquished.

Notes
Turn   | Place    | Note
--------------------------------------------------------------
     0 | D:1      | Banto, the Sludge Elf Stalker, began the quest for the Orb.
     0 | D:1      | Reached XP level 1. HP: 13/13 MP: 1/1
    86 | D:1      | Reached skill level 3 in Transmutations
   160 | D:1      | Reached XP level 2. HP: 8/18 MP: 3/3
   479 | D:1      | Found a snail-covered altar of Cheibriados.
   943 | D:1      | Reached XP level 3. HP: 23/23 MP: 4/4
  1603 | D:2      | Noticed Ijyb
  1621 | D:1      | Learned a level 2 spell: Evaporate
  1718 | D:2      | Reached skill level 4 in Transmutations
  2173 | D:2      | Reached XP level 4. HP: 28/28 MP: 6/6
  2329 | D:2      | Killed Ijyb
  2472 | D:3      | Found a white marble altar of Elyvilon.
  2560 | D:3      | Slain by an orc
